 Dungeon Crawl Stone Soup version 0.30-a0-242-g7bf8e6d787 (webtiles) character file.

Game seed: 13326572164785947146

18 drewk1942 the Magician (level 2, 0/19 HPs)
             Began as a Demonspawn Hedge Wizard on Oct 11, 2022.
             Slain by a jackal (2 damage)
             ... on level 1 of the Dungeon.
             The game lasted 00:01:25 (622 turns).

drewk1942 the Magician (Demonspawn Hedge Wizard)     Turns: 622, Time: 00:01:26

Health: 0/19       AC:  2    Str: 10    XL:     2   Next: 48%
Magic:  3/6        EV: 12    Int: 15    God:
Gold:   64         SH:  0    Dex: 12    Spells: 6/7 levels left

rFire   + . .      SeeInvis .    a - +0 dagger
rCold   + . .      Faith    .    (no shield)
rNeg    . . .      Spirit   .    b - +0 robe
rPois   +          Reflect  .    c - +0 hat
rElec   +          Harm     .    (no cloak)
rCorr   +          Rampage  .    (no gloves)
Will    .....                    (no boots)
Stlth   ++........               (no amulet)
HPRegen 0.23/turn                (no ring)
MPRegen 0.10/turn                (no ring)

@: resistant
A: weakness stinger 1
a: no special abilities


You were on level 1 of the Dungeon.
You visited 1 branch of the dungeon, and saw 1 of its levels.

You collected 64 gold pieces.

Inventory:

Hand Weapons
 a - a +0 dagger (weapon)
Armour
 b - a +0 robe (worn)
 c - a +0 hat (worn)
Scrolls
 f - a scroll of fear {unknown}
Potions
 d - a potion of magic


   Skills:
 - Level 1.7 Dodging
 - Level 1.7 Stealth
 + Level 3.1 Spellcasting
 * Level 1.7 Conjurations
 + Level 1.4 Summonings
 + Level 1.2 Translocations


You had 6 spell levels left.
You knew the following spells:

 Your Spells              Type           Power      Damage    Failure   Level
a - Magic Dart            Conj           28%        1d4       10%         1

Your spell library contained the following spells:

 Spells                   Type           Power      Damage    Failure   Level
 Call Imp                 Summ           6%         N/A       17%         2
 Blink                    Tloc           12%        N/A       19%         2
 Slow                     Hex            8%         N/A       21%         1
 Cigotuvi's Dreadful Rot  Necr/Pois/Air  4%         N/A       30%         2
 Mephitic Cloud           Conj/Pois/Air  4%         N/A       43%         3


Dungeon Overview and Level Annotations

Branches:
Dungeon (1/15)

Altars:


Innate Abilities, Weirdness & Mutations

You have a small tail.


Message History

The jackal misses you.
You hit the jackal.
The jackal is moderately wounded.
The jackal bites you.
You completely miss the jackal.
The jackal is moderately wounded.
The jackal bites you but does no damage.
You hit the jackal but do no damage.
The jackal is moderately wounded.
The jackal bites you. The jackal barely misses you.
You closely miss the jackal.
The jackal is moderately wounded.
The jackal bites you.
You barely miss the jackal.
The jackal is moderately wounded.
The jackal barely misses you. The jackal completely misses you.
You closely miss the jackal.
The jackal is moderately wounded.
The jackal misses you.
You hit the jackal.
The jackal is severely wounded.
The jackal bites you.
You hit the jackal.
You kill the jackal!
The jackal barely misses you.
You hit the jackal.
The jackal is moderately wounded.
The jackal barely misses you.
You miss the jackal.
The jackal is moderately wounded.
The jackal misses you. The jackal bites you.
* * * LOW HITPOINT WARNING * * *
You closely miss the jackal.
The jackal is moderately wounded.
The jackal bites you.
* * * LOW HITPOINT WARNING * * *
It was a potion of resistance.
You feel protected. The jackal bites you.
You die...

#.........########.........
##.......#.................
......>...#.............÷..
.#.......##...............#
#.........#..............##
##.......##..............#
..........#.........######
.#.#.#.#.##†..).....#
...+wh@.........#
..h..######......## #.....
+......# #h.... #......#
..#+### #......# wh ......#
##..


You could see a dart slug and a jackal.

Vanquished Creatures
  A dart slug (D:1)
  2 ball pythons (D:1)
  A bat (D:1)
  A giant cockroach (D:1)
  A goblin (D:1)
  A hobgoblin (D:1)
  2 jackals (D:1)
  A quokka (D:1)
  A frilled lizard (D:1)
  3 rats (D:1)
14 creatures vanquished.

Notes
Turn   | Place    | Note
-------+----------+-------------------------------------------
     0 | D:1      | drewk1942 the Demonspawn Hedge Wizard began the quest for
                  | the Orb.
     0 | D:1      | Reached XP level 1. HP: 13/13 MP: 4/4
   100 | D:1      | Reached skill level 1 in Translocations
   212 | D:1      | Gained mutation: You have a small tail. [demonic ancestry]
   212 | D:1      | Reached XP level 2. HP: 19/19 MP: 3/6
   622 | D:1      | Slain by a jackal

Illustrated notes

Levels and vault maps discovered:
D:1:      minmay_arrival_hallway, layout_basic, shapermc_ecumenical_altar_petra,
          st_stairs_4

Skill      XL: |  1 |
---------------+----+-----
Translocations | 1 |  1.2
Dodging        | |  1.7
Stealth        | |  1.7
Spellcasting   | |  3.1
Conjurations   | |  1.7
Summonings     | |  1.4

Action                   || total
-------------------------++-------
Melee: Dagger            ||    38
       Tailslap          ||     1
 Cast: Magic Dart        ||    27
  Use: Potion            ||     1
Armor: Robe              ||     3
Dodge: Dodged            ||    27

Table legend: (Time is in decaauts)
 A = Elapsed time spent in this place.
 B = Non-inter-level travel time spent in this place.
 C = Inter-level travel time spent in this place.
 D = Time resting spent in this place.
 E = Time spent auto-exploring this place.
 F = Levels seen in this place.
 G = Mean time per level.
                   A        B        C        D        E       F      G
               +--------+--------+--------+--------+--------+-----+--------+
         Total |    622 |    622 |      0 |      0 |    518 |   1 |  622.0 |
       Dungeon |    622 |    622 |      0 |      0 |    518 |   1 |  622.0 |
               +--------+--------+--------+--------+--------+-----+--------+

Top non-repeatable levels by time:
     D:1: 622 daAuts
